 Dungeon Crawl Stone Soup version 0.20.1-1-g8b1a95d (webtiles) character file.

75 Nattfarinn the Sneak (level 4, -3/29 HPs)
             Began as an Octopode Assassin on Aug 2, 2017.
             Slain by a gnoll
             ... wielding a +0 spear
              (10 damage)
             ... on level 2 of the Dungeon.
             The game lasted 00:02:51 (1432 turns).

Nattfarinn the Sneak (Octopode Assassin)            Turns: 1432, Time: 00:02:52

Health: -3/29      AC:  1    Str: 10    XL:     4   Next: 31%
Magic:  4/4        EV: 12    Int: 13    God:
Gold:   74         SH:  3    Dex: 14    Spells: 3/3 levels left

rFire    . . .     SeeInvis .   w - +2 spear (flame)
rCold    . . .     Gourm    .   v - +0 buckler
rNeg     . . .     Faith    .   (helmet restricted)
rPois    .         Spirit   .   (no amulet)
rElec    .         Reflect  .   (no ring)
rCorr    .         Harm     .   (no ring)
MR       .....                  (no ring)
Stlth    +++++.....             (no ring)
Regen    0.1/turn               (no ring)
MPRegen  0.1/turn               (no ring)
                                (no ring)
                                (no ring)

@: no status effects
A: almost no armour, stealthy swim, amphibious, 8 rings, constrict 8, camouflage
1, gelatinous body 1
a: no special abilities


You were on level 2 of the Dungeon.
You were hungry.

You visited 1 branch of the dungeon, and saw 2 of its levels.

You collected 74 gold pieces.

Inventory:

Hand Weapons
 a - a +2 dagger
 b - a +0 blowgun
 w - a +2 spear of flaming (weapon)
Missiles
 c - 8 poisoned needles
 d - 2 curare-tipped needles
Armour
 v - a +0 buckler (worn)
Scrolls
 e - 2 scrolls of identify {unknown}
 g - 2 scrolls of immolation {unknown}
 h - 3 scrolls of enchant weapon {unknown}
 j - 2 scrolls of teleportation {unknown}
 o - a scroll of amnesia {unknown}
 q - a scroll of recharging {unknown}
 r - a scroll of magic mapping {unknown}
Potions
 i - a potion of cancellation {unknown}
 k - a potion of lignification {unknown}
 m - a potion of flight {unknown}
 n - 3 potions of agility {unknown}
 t - 2 potions of invisibility {unknown}
Comestibles
 f - 2 bread rations
 l - 2 royal jellies
 p - 2 meat rations
 s - a fruit
 u - a chunk of flesh


   Skills:
 * Level 2.2 Fighting
 - Level 2.0 Short Blades
 * Level 2.3 Throwing
 - Level 1.0 Dodging
 * Level 7.4 Stealth


You had 3 spell levels left.
You didn't know any spells.

Dungeon Overview and Level Annotations

Branches:
Dungeon (2/15)

Altars:


Innate Abilities, Weirdness & Mutations

You cannot wear most types of armour.
You are very stealthy in the water. (Stealth+)
You are amphibious.
You can wear up to eight rings at the same time.
You can use your tentacles to constrict eight enemies at once.
Your skin changes colour to match your surroundings (Stealth+).
Your rubbery body absorbs attacks. (AC +1, EV +1)


Message History

The gnoll hits you with a flail.
You hit the gnoll. You burn the gnoll. Your grab misses the gnoll.
You squeeze the gnoll, but do no damage.
The gnoll is lightly wounded.
You are feeling hungry.
The gnoll closely misses you. The gnoll hits you with a flail.
You hit the gnoll. You burn the gnoll. Your grab misses the gnoll.
The gnoll is heavily wounded.
The gnoll barely misses you. The gnoll hits you with a flail.
The gnoll hits you from afar with a spear.
You see here a gnoll corpse.
You hit the gnoll but do no damage. You grab the gnoll. You squeeze the gnoll.
The gnoll is severely wounded.
You constrict the gnoll, but do no damage.
The gnoll hits you with a flail.
* * * LOW HITPOINT WARNING * * *
You hit the gnoll. You burn the gnoll.
You kill the gnoll!
The gnoll hits you with a spear!
You die...

#############.......#
#.............#####.############
#.###########.# #.............
##.# #.# #..########### ##.# #.#
#....g..# .#.# #.#####.#####.#
...# #.....)[# #.# ...#
###g##### #.# #..# ###########@#
#g# ...###.........#.# #.#
....##.#######.#.# #.# ###.##.#
#.#.# #.# ....##.# #.#.### #.#
#.#.##.# #####.#...## #.#
..##.#.###......###.## #.#####
#....#.#..<....##
##.#####.....## ##........###..#
#............#


You could see a gnoll.

Vanquished Creatures
  2 adders (D:2)
  3 gnolls (D:2)
  A worm (D:2)
  A dart slug (D:1)
  A giant cockroach (D:1)
  3 hobgoblins
  4 kobolds (D:2)
  5 bats
  3 frilled lizards
  5 rats
28 creatures vanquished.

Notes
Turn   | Place    | Note
-------+----------+-------------------------------------------
     0 | D:1      | Nattfarinn the Octopode Assassin began the quest for the Orb.
     0 | D:1      | Reached XP level 1. HP: 14/14 MP: 1/1
   127 | D:1      | Reached XP level 2. HP: 19/19 MP: 2/2
   396 | D:2      | Reached skill level 6 in Stealth
   937 | D:2      | Reached XP level 3. HP: 19/24 MP: 3/3
  1303 | D:2      | Reached skill level 7 in Stealth
  1408 | D:2      | Reached XP level 4. HP: 21/29 MP: 4/4
  1432 | D:2      | Slain by a gnoll

Skill      XL: |  1  2  3 |
---------------+----------+-----
Stealth        | 6 7 |  7.4
Fighting       | |  2.2
Short Blades   | |  2.0
Throwing       | |  2.3
Dodging        | |  1.0

Action                   |  1- 3 |  4- 6 || total
-------------------------+-------+-------++-------
Melee: Dagger            |    58 |       ||    58
       Tentacles         |    12 |     2 ||    14
       Constrict         |    12 |     1 ||    13
       Spear             |     3 |     4 ||     7
 Stab: Sleeping          |     7 |       ||     7
       Distracted        |     1 |       ||     1
  Eat: Chunk             |     1 |       ||     1
Armor: Skin              |     4 |       ||     4
Dodge: Dodged            |    31 |     2 ||    33
Block: Buckler           |     1 |       ||     1
